Map: Deathaura LE

Players

MarineLorD

  • Race: Terran Terran
  • League: Master
  • Spawn Location: 11:00

Lambo - Winner!

  • Race: Zerg Zerg
  • League: Master
  • Spawn Location: 5:00

Event: DreamHack SC2 Masters 2020 Winter

VOD

Have the link to the VOD?

Description

Time

  • Played on: Oct. 28, 2020, 11:57 a.m.
  • Length: 8:09

All games in this series

Show
View Real Time Build Order
Export as new Build Order

MarineLorD Terran 

Build Orders: 2 Factory, Reaper Expand 

Get SALT Encoding   

  12  0:00  SCV  
  13  0:12  SCV  
  14  0:17  Supply Depot  
  14  0:24  SCV  
  15  0:38  SCV  
  15  0:40  Barracks  
  16  0:43  Refinery  
  16  0:50  SCV  
  17  1:02  SCV  
  18  1:15  SCV  
  19  1:27  Orbital Command, Reaper  
  20  1:38  Command Center  
  20  1:46  Supply Depot  
  20  1:53  SCV  
  21  1:59  Marine  
  22  2:05  SCV  
  23  2:10  Factory  
  23  2:17  SCV  
  23  2:22  Barracks Reactor  
  24  2:29  SCV  
  25  2:35  Command Center  
  25  2:41  SCV  
  26  2:51  Orbital Command  
  26  2:53  SCV  
  27  3:11  Factory  
  27  3:13  SCV  
  27  3:17  Hellion x2  
  32  3:20  SCV  
  32  3:27  SCV  
  34  3:32  SCV  
  34  3:33  Bunker  
  35  3:39  SCV  
  35  3:40  Refinery  
  36  3:43  Hellion  
  36  3:44  SCV  
  36  3:46  Hellion  
  41  3:51  Orbital Command  
  41  3:53  SCV  
  42  3:56  SCV  
  42  3:57  Factory Tech Lab  
  43  4:05  SCV  
  43  4:07  Hellion  
  43  4:08  Marine, SCV, Hellion  
  52  4:17  SCV, Hellion  
  52  4:18  Armory  
  52  4:20  SCV  
  54  4:27  SCV, Supply Depot  
  54  4:28  Supply Depot  
  54  4:29  SCV  
  56  4:32  SCV  
  56  4:35  Hellion x2  
  61  4:49  SCV x3, Hellion  
  61  4:52  Supply Depot x2  
  66  4:57  Refinery x2  
  66  4:58  Barracks Tech Lab  
  66  5:01  SCV x3  
  66  5:04  Widow Mine  
  66  5:05  Widow Mine, Drilling Claws  
  71  5:10  Widow Mine  
  71  5:13  SCV x3  
  76  5:15  Starport  
  76  5:25  SCV x3  
  76  5:27  Widow Mine, Barracks Reactor  
  76  5:28  Widow Mine  
  81  5:30  Orbital Command  
  81  5:34  Widow Mine  
  83  5:37  SCV x2  
  85  5:49  Widow Mine x2, Barracks  
  90  5:50  SCV x2  
  90  5:52  Barracks, Engineering Bay  
  90  5:55  Supply Depot, Engineering Bay  
  90  5:57  Supply Depot, SCV  
  91  6:02  SCV  
  91  6:03  Supply Depot  
  91  6:07  SCV  
  92  6:16  Marine  
  92  6:17  Barracks  
  93  6:19  Barracks  
  93  6:23  Siege Tank  
  93  6:24  SCV x2  
  98  6:29  Medivac x2, Stimpack  
  102  6:33  SCV  
  102  6:35  Supply Depot x2  
  102  6:36  SCV  
  102  6:38  Factory Tech Lab  
  105  6:42  Barracks Reactor  
  105  6:46  SCV x2, Refinery  
  107  6:47  Refinery  
  107  6:48  SCV  
  108  6:55  Barracks Reactor  
  108  6:56  Siege Tank  
  108  6:58  SCV x2  
  108  7:01  SCV, Marine  
  114  7:10  SCV x2, Barracks Reactor x2  
  114  7:13  SCV  
  117  7:16  Siege Tank  
  117  7:19  Marine x3  
  117  7:22  SCV x2  
  123  7:24  Supply Depot  
  123  7:25  Supply Depot, SCV  
  124  7:36  Marine x2  
  120  7:37  Marine x3  
  124  7:48  SCV x2  
  124  7:49  SCV, Marine  
  124  7:50  Marine x2  
Show
View Real Time Build Order
Export as new Build Order

Lambo Zerg - Winner!

Build Orders: Hatch First 

Get SALT Encoding   

  12  0:00  Drone  
  13  0:12  Overlord  
  13  0:17  Drone  
  14  0:31  Drone x2  
  16  0:47  Hatchery  
  15  0:50  Drone  
  15  0:54  Drone  
  17  0:57  Drone  
  18  1:09  Extractor  
  17  1:12  Spawning Pool  
  17  1:15  Drone  
  17  1:18  Drone  
  18  1:28  Drone  
  19  1:38  Drone  
  20  1:50  Overlord  
  20  1:59  Queen x2, Zergling x2  
  20  2:00  Zergling x2  
  26  2:11  Drone x2  
  26  2:12  Metabolic Boost  
  29  2:22  Drone  
  29  2:23  Drone  
  29  2:25  Extractor  
  29  2:32  Drone x2  
  31  2:41  Hatchery  
  31  2:43  Drone  
  31  2:45  Extractor  
  31  2:51  Overlord  
  31  2:54  Drone x2  
  33  3:03  Drone  
  34  3:06  Extractor  
  34  3:07  Drone x2  
  34  3:11  Overlord  
  34  3:12  Drone  
  37  3:15  Pneumatized Carapace  
  37  3:18  Queen  
  39  3:23  Drone x2  
  40  3:28  Drone  
  40  3:32  Overlord  
  41  3:40  Zergling x4  
  43  3:47  Zergling x4  
  46  3:48  Drone x2  
  46  3:53  Queen  
  49  3:57  Overlord  
  49  3:59  Queen  
  49  4:01  Drone x2  
  53  4:05  Overlord  
  53  4:06  Drone  
  53  4:08  Drone  
  55  4:12  Queen  
  55  4:16  Drone x2  
  59  4:17  Overlord  
  59  4:19  Drone  
  59  4:20  Drone x3  
  64  4:24  Drone x2  
  64  4:28  Drone  
  66  4:32  Roach Warren  
  66  4:34  Lair  
  66  4:37  Zergling x6  
  68  4:40  Extractor x2  
  68  4:42  Drone  
  68  4:43  Drone x3  
  70  4:46  Overlord  
  70  4:50  Drone  
  72  4:52  Drone  
  72  4:55  Drone  
  72  4:56  Evolution Chamber  
  72  4:58  Drone  
  73  5:03  Drone  
  73  5:06  Evolution Chamber, Drone  
  74  5:09  Extractor x2  
  74  5:11  Drone  
  73  5:16  Roach x3  
  73  5:19  Drone x4  
  83  5:27  Roach x2  
  87  5:29  Drone x3  
  87  5:31  Zerg Ground Armor Level 1  
  87  5:34  Drone  
  87  5:35  Spore Crawler  
  90  5:36  Spore Crawler  
  90  5:37  Drone  
  90  5:41  Spore Crawler  
  89  5:42  Overlord  
  89  5:43  Overlord  
  89  5:45  Overlord  
  89  5:50  Overlord x2  
  89  5:51  Roach x4  
  97  5:59  Overlord  
  97  6:00  Overlord  
  97  6:01  Overlord  
  97  6:02  Overlord  
  97  6:04  Overlord x2  
  97  6:09  Overlord  
  97  6:11  Roach  
  99  6:17  Roach x5, Glial Reconstitution  
  109  6:23  Roach x3  
  115  6:30  Roach  
  115  6:31  Roach x2  
  115  6:32  Overseer  
  121  6:33  Ravager x3  
  121  6:36  Roach  
  121  6:39  Roach x4  
  134  6:44  Roach x2  
  138  6:50  Roach x3  
  144  6:56  Roach x5  
  154  7:03  Roach x2  
  154  7:06  Roach x3  
  164  7:12  Roach, Overlord  
  166  7:16  Overlord  
  166  7:17  Roach x3  
  166  7:18  Ravager  
  166  7:20  Overlord  
  173  7:24  Roach x2  
  173  7:29  Overlord  
  177  7:30  Overlord  
  177  7:31  Overlord  
  177  7:33  Roach  
  174  7:38  Roach x2  
  174  7:43  Overlord  
  168  7:45  Roach  
  168  7:47  Roach  
Tags
 
Add a new tag
Caveats
  • Supply blocks, unpowered buildings, or Contaminate may cause inaccurate times.
  • Supply counts are checked every 10 seconds.